 Dungeon Crawl Stone Soup version 0.27.1-34-g3ba077fa99 (webtiles) character file.

Game seed: 14468400066243078456

129 Sharkman1231 the Grave Robber (level 4, -3/33 HPs)
             Began as a Demonspawn Necromancer on Jan 18, 2022.
             Slain by a river rat (8 damage)
             ... in a sewer.
             The game lasted 00:02:42 (2370 turns).

Sharkman1231 the Grave Robber (DsNe)                Turns: 2370, Time: 00:02:42

Health: -3/33      AC:  2    Str:  8    XL:     4   Next: 88%
Magic:  7/7        EV: 13    Int: 16    God:
Gold:   58         SH:  0    Dex: 15    Spells: 3/7 levels left

rFire    . . .     SeeInvis +   h - +1 hand axe (freeze)
rCold    . . .     Faith    .   (no shield)
rNeg     . . .     Spirit   .   a - +0 robe
rPois    .         Reflect  .   (no helmet)
rElec    .         Harm     .   (no cloak)
rCorr    .         Rampage  .   (no gloves)
Will     .....                  (no boots)
Stlth    ++........             (no amulet)
HPRegen  0.11/turn              d - ring of see invisible
MPRegen  0.10/turn              (no ring)

@: attractive, hasted, very quick
A: powered by death 1, spiny 1
a: no special abilities


You were in a sewer.
You visited 1 branch of the dungeon, and saw 3 of its levels.
You also visited: Sewer.

You collected 58 gold pieces.

Inventory:

Hand Weapons
 b - a +0 whip
 c - a +1 mace of protection
 f - a +1 vampiric dagger
 h - a +1 hand axe of freezing (weapon)
Armour
 a - a +0 robe (worn)
Jewellery
 d - a ring of see invisible (left hand)
Wands
 o - a wand of flame (21)
Potions
 e - 2 potions of cancellation
 i - 2 potions of magic
 j - a potion of lignification
 n - a potion of brilliance {unknown}


   Skills:
 + Level 2.2 Fighting
 + Level 2.9 Dodging
 - Level 1.7 Stealth
 - Level 2.0 Spellcasting
 + Level 5.3 Necromancy
 + Level 1.0 Evocations


You had 3 spell levels left.
You knew the following spells:

 Your Spells              Type           Power      Damage    Failure   Level
a - Pain                  Necr           72%        1d7       2%          1
b - Vampiric Draining     Necr           9%         2d7       7%          3

Your spell library contained the following spells:

 Spells                   Type           Power      Damage    Failure   Level
 Animate Skeleton         Necr           36%        N/A       2%          1
 Animate Dead             Necr           9%         N/A       24%         4
 Agony                    Necr           18%        N/A       54%         5
 Conjure Ball Lightning   Conj/Air       0%         3x3d6     100%        6
 Discord                  Hex            0%         N/A       100%        8
 Disjunction              Tloc           0%         N/A       100%        8


Dungeon Overview and Level Annotations

Branches:
Dungeon (3/15)              Sewer (1/1)

Altars:


Innate Abilities, Weirdness & Mutations

You regenerate a little health from kills.
You are partially covered in sharp spines.


Message History

You are too injured to fight recklessly!
You are too injured to fight recklessly!
You are too injured to fight recklessly!
You are too injured to fight recklessly!
You are too injured to fight recklessly!
You are too injured to fight recklessly!
You are too injured to fight recklessly!
You are too injured to fight recklessly!
You are too injured to fight recklessly!
You barely miss the river rat. The river rat barely misses you. x2
You hit the river rat. You freeze the river rat.
The river rat is heavily wounded.
The river rat closely misses you.
You hit the river rat but do no damage.
The river rat is heavily wounded.
The river rat is struck by your spines. The river rat closely misses you.
You hit the river rat. You freeze the river rat.
You kill the river rat!
Your Evocations skill increases to level 1!
You closely miss the river rat.
The river rat bites you but does no damage.
You hit the river rat but do no damage. The river rat barely misses you.
You hit the river rat. You freeze the river rat.
The river rat is severely wounded.
The river rat misses you.
You barely miss the river rat.
The river rat is severely wounded.
The river rat bites you! The river rat is struck by your spines.
The river rat bites you.
* * * LOW HITPOINT WARNING * * *
You hit the river rat but do no damage.
The river rat is almost dead.
The river rat closely misses you.
You see here a rat corpse.
It was a potion of attraction.
You feel attractive to monsters.
The river rat twitches its whiskers.
The river rat barely misses you.
It was a potion of haste.
You feel yourself speed up. The river rat bites you!
You die...

#≈#
#≈#
#≈#
#≈#
#≈#
#.#
#.#
#@#
#r#
#†#
#.#
#∩#
#.#
#∩#
#.#
#.#


You could see a river rat.

Vanquished Creatures
  4 adders
  3 river rats
  3 orcs (D:3)
  3 endoplasms
  4 giant cockroaches
  6 goblins
  4 hobgoblins
  3 jackals (D:1)
  4 quokkas
  6 ball pythons
  8 bats
  2 frilled lizards (D:1)
  8 kobolds
  5 rats
63 creatures vanquished.

Notes
Turn   | Place    | Note
-------+----------+-------------------------------------------
     0 | D:1      | Sharkman1231 the Demonspawn Necromancer began the quest for
                  | the Orb.
     0 | D:1      | Reached XP level 1. HP: 13/13 MP: 3/3
   446 | D:1      | Gained mutation: You regenerate a little health from kills.
                  | [demonic ancestry]
   446 | D:1      | Reached XP level 2. HP: 5/20 MP: 3/5
   627 | D:1      | Reached skill level 1 in Fighting
  1304 | D:1      | Gained mutation: You are partially covered in sharp spines.
                  | [demonic ancestry]
  1304 | D:1      | Reached XP level 3. HP: 25/26 MP: 6/6
  1648 | D:2      | Reached skill level 5 in Necromancy
  2098 | D:2      | Reached XP level 4. HP: 33/33 MP: 7/7
  2102 | D:2      | Learned a level 3 spell: Vampiric Draining
  2270 | D:3      | Found a faded altar of an unknown god.
  2323 | D:3      | Found a glowing drain.
  2352 | Sewer    | Entered a sewer
  2362 | Sewer    | Reached skill level 1 in Evocations
  2370 | Sewer    | Slain by a river rat

Illustrated notes

Levels and vault maps discovered:
D:1:      scummos_arrival_gate, layout_rooms, chequers_serial_rivers_micro_e,
          minmay_pentomino_p4
D:2:      layout_loops_corners
D:3:      layout_loops_ring, hellmonk_ecumenical_altar_crossroads,
          portal_sewer_entry_b
Sewer:    sewer_kobolds

Skill      XL: |  1  2  3  4 |
---------------+-------------+-----
Dodging        | 2 |  2.9
Fighting       | 1 2 |  2.2
Necromancy     | 5 |  5.3
Evocations     | 1 |  1.0
Stealth        | |  1.7
Spellcasting   | |  2.0

Action                   |  1- 3 |  4- 6 || total
-------------------------+-------+-------++-------
Melee: Mace              |    10 |       ||    10
       Whip              |     9 |       ||     9
       Dagger            |    28 |       ||    28
       Hand axe          |    44 |    35 ||    79
 Cast: Pain              |    25 |       ||    25
  Use: Scroll            |       |     4 ||     4
       Potion            |       |     2 ||     2
 Stab: Sleeping          |     6 |     1 ||     7
       Distracted        |       |     1 ||     1
Armor: Robe              |    20 |     6 ||    26
Dodge: Dodged            |    65 |    31 ||    96
